 Dungeon Crawl Stone Soup version 0.30.0-10-gfe55d96785 (webtiles) character file.

Game seed: 876833131674276813

7 JoshKwa the Firebug (level 1, -1/14 HPs)
             Began as a Demigod Fire Elementalist on May 15, 2023.
             Slain by an adder (3 damage)
             ... on level 2 of the Dungeon.
             The game lasted 00:00:42 (52 turns).

JoshKwa the Firebug (Demigod Fire Elementalist)       Turns: 52, Time: 00:00:42

Health: -1/14      AC:  3    Str:  9    XL:     1   Next: 66%
Magic:  5/5        EV: 12    Int: 17    God:
Gold:   10         SH:  0    Dex: 14    Spells: 2/3 levels left

rFire   . . .        d - +0 short sword
rCold   . . .        (no shield)
rNeg    . . .        a - +0 robe
rPois   .            (no helmet)
rElec   .            c - +0 cloak
rCorr   .            (no gloves)
SInv    .            (no boots)
Will    .....        (no amulet)
Stlth   ++           (no ring)
HPRegen 0.22/turn    (no ring)
MPRegen 0.09/turn

%: no passive effects
@: lethally poisoned (-1 -> -5)
A: high MP 1, forlorn, divine attributes
a: no special abilities


You were on level 2 of the Dungeon.
You visited 1 branch of the dungeon, and saw 2 of its levels.

You collected 10 gold pieces.

Inventory:

Hand Weapons
 d - a +0 short sword (weapon)
Armour
 a - a +0 robe (worn)
 c - a +0 cloak (worn)


   Skills:
 + Level 1.8 Dodging
 + Level 1.8 Stealth
 + Level 1.8 Spellcasting
 + Level 0.8 Conjurations
 + Level 3.1 Fire Magic


You had 2 spell levels left.
You knew the following spells:

 Your Spells              Type           Power      Damage    Failure   Level
a - Foxfire               Conj/Fire      32%        2x1d5     9%          1

Your spell library contained the following spells:

 Spells                   Type           Power      Damage    Failure   Level
 Scorch                   Fire           24%        2d6       9%          2
 Inner Flame              Hex/Fire       6%         N/A       30%         3
 Volatile Blastmotes      Fire/Tloc      12%        2d11      30%         3
 Flame Wave               Conj/Fire      8%         2d5       65%         4


Dungeon Overview and Level Annotations

Branches:
Dungeon (1/15)


Innate Abilities, Weirdness & Mutations

You have an increased reservoir of magic. (+10% MP)
You shall have no god before yourself.
Your divine heritage dramatically boosts your attributes as you level up.


Message History

Found a helmet.
The adder hisses angrily.
Found 5 gold pieces.
Found an escape hatch in the ceiling.
You don't have enough magic to cast this spell.
Unknown command.
A ball python comes into view.
You closely miss the adder.
The ball python hisses angrily.
The adder closely misses you. The adder barely misses you.
You barely miss the adder. The adder closely misses you.
You hit the adder but do no damage. The adder barely misses you.
You hit the adder.
The adder is lightly wounded.
The adder misses you. The adder bites you but does no damage.
Casting: Foxfire (safe; 9% risk of failure)
Press: ? - help, Q - select action Dir - look around, f - activate You conjure some foxfire!
The adder bites you but does no damage. The ball python barely misses you.
The ball python grabs you. The ball python constricts you.
You escape the ball python's grasp.
The foxfire hits the ball python.
The ball python is moderately wounded.
The foxfire hits the ball python.
You kill the ball python!
The adder misses you.
You barely miss the adder.
The adder is lightly wounded.
The adder barely misses you.
You barely miss the adder. The adder completely misses you.
You hit the adder but do no damage. The adder bites you.
You miss the adder. The adder bites you. x2
You hit the adder but do no damage. The adder bites you.
You are lethally poisoned!
The adder poisons you!
You closely miss the adder.
* * * LOW HITPOINT WARNING * * *
You feel sick. The adder barely misses you. Magic courses through your body.
* * * LOW HITPOINT WARNING * * *
You feel sick. The adder bites you.
You die...

...... ..##. ......
####.....
...$..##.......#
.[.......#....#
...............
..##.......##
<...........#
.##....†.S..#
.........@..## ###
...#.........## .......
.#............##........#
###....†...#...........#
.......................#
.......†...#.##........#
##..###................#
##......##..#.........#
######.###...........#


You could see an adder.

Vanquished Creatures
  A dart slug (D:2)
  A hobgoblin (D:2)
  2 ball pythons (D:2)
  A frilled lizard (D:2)
  A kobold (D:2)
6 creatures vanquished.

Vanquished Creatures (others)
  14 foxfires (D:2)
14 creatures vanquished.

Grand Total: 20 creatures vanquished

Notes
Turn   | Place    | Note
-------+----------+-------------------------------------------
     0 | D:1      | JoshKwa the Demigod Fire Elementalist began the quest for
                  | the Orb.
     0 | D:1      | Reached XP level 1. HP: 14/14 MP: 5/5
     2 | D:1      | You fall into a shaft and drop 1 floor!
    33 | D:2      | Reached skill level 3 in Fire Magic
    52 | D:2      | Slain by an adder

Illustrated notes

Levels and vault maps discovered:
D:1:      dpeg_arrival_shelter, layout_basic, basic_ecumenical_altar,
          minmay_cut_off
D:2:      layout_rooms, minmay_lizard_pond

Skill      XL: |  1 |
---------------+----+-----
Fire Magic     | 3 |  3.1
Dodging        | |  1.8
Stealth        | |  1.8
Spellcasting   | |  1.8
Conjurations   | |  0.8

Action                     || total
---------------------------++-------
  Melee: Short sword       ||    10
   Cast: Foxfire           ||     8
    Use: Potion            ||     1
 Armour: Robe              ||     2
  Dodge: Dodged            ||    11
